 Dungeon Crawl Stone Soup version 0.21-a0-471-gd587bd5 (webtiles) character file.

40421 Gildeon the Severer (level 13, -11/113 HPs)
             Began as a Minotaur Fighter on Nov 17, 2017.
             Was the Champion of Nemelex Xobeh.
             Mangled by a very large slime creature (54 damage)
             ... on level 13 of the Dungeon on Nov 21, 2017.
             The game lasted 02:27:06 (19899 turns).

Gildeon the Severer (Minotaur Fighter)             Turns: 19899, Time: 02:27:08

Health: -11/113    AC: 16    Str: 23    XL:     13   Next: 74%
Magic:  19/19      EV: 12    Int:  6    God:    Nemelex Xobeh [******]
Gold:   858        SH: 12    Dex: 13    Spells: 16/22 levels left

rFire    x . .     SeeInvis +   A - +9 war axe of Waluthah {venom, rN+ SInv Stlth+}
rCold    + . .     Gourm    .   c - +0 shield
rNeg     + . .     Faith    .   Z - +1 acid dragon scales
rPois    +         Spirit   .   m - +2 hat
rElec    .         Reflect  +   (no cloak)
rCorr    +         Harm     .   k - +0 pair of gloves
MR       ++...                  p - +1 pair of boots "Kulaug" {rPois rF- MR+ Dex+3}
Stlth    ++........             y - +2 amulet of reflection
HPRegen  0.28/turn              j - ring of protection from cold
MPRegen  0.16/turn              C - ring of flight

@: no status effects
A: retaliatory headbutt, horns 2, iridescent scales 1, blink, magic resistance
1, weak 1, subdued magic 1
a: Blink, Triple Draw, Deal Four, Stack Five, Renounce Religion, Evoke Flight


You were on level 13 of the Dungeon.
You worshipped Nemelex Xobeh.
Nemelex Xobeh was exalted by your worship.
You were not hungry.

You visited 3 branches of the dungeon, and saw 18 of its levels.
You also visited: Bailey.

You collected 1275 gold pieces.
You spent 417 gold pieces at shops.

Inventory:

Hand Weapons
 A - the +9 war axe of Waluthah (weapon) {venom, rN+ SInv Stlth+}
   (You acquired it on level 6 of the Dungeon)

   It poisons the flesh of those it strikes.
   It protects you from negative energy.
   It lets you see invisible.
   It makes you more stealthy.
Missiles
 q - 3 steel tomahawks
 B - 21 tomahawks (quivered)
Armour
 c - a +0 shield (worn)
 k - a +0 pair of gloves (worn)
 m - a +2 hat (worn)
 p - the +1 pair of boots "Kulaug" (worn) {rPois rF- MR+ Dex+3}
   (You found it on level 13 of the Dungeon)

   It affects your dexterity (+3).
   It makes you vulnerable to fire.
   It protects you from poison.
   It affects your resistance to hostile enchantments.
 G - a +0 plate armour
 I - a +1 chain mail of cold resistance
 Z - +1 acid dragon scales (worn)
Jewellery
 j - a ring of protection from cold (left hand)
 y - a +2 amulet of reflection (around neck)
 C - a ring of flight (right hand)
Wands
 O - a wand of flame (2)
 P - a wand of random effects (19)
 V - a wand of iceblast (6)
 W - a wand of paralysis (9)
Scrolls
 h - 8 scrolls of remove curse
 s - 7 scrolls of amnesia
 Q - 2 scrolls of fear
 T - a scroll of blinking
Potions
 d - a potion of might
 i - 2 potions of resistance
 l - 3 potions of curing
 n - a potion of invisibility
 t - a potion of brilliance
 v - a potion of cancellation
 E - a potion of haste
 U - a potion of berserk rage
 X - a potion of flight
Books
 a - a book of Spatial Translocations

   Spells                             Type                      Level
   a - Blink                          Translocation                2
   b - Shroud of Golubria             Charms/Translocation         2
   c - Lesser Beckoning               Translocation                3
   d - Gell's Gravitas                Translocation                3
   e - Teleport Other                 Translocation                3
   f - Passage of Golubria            Translocation                4
 b - a book of Maledictions

   Spells                             Type                      Level
   a - Corona                         Hexes                        1
   b - Ensorcelled Hibernation        Hexes/Ice                    2
   c - Confuse                        Hexes                        3
   d - Tukima's Dance                 Hexes                        3
   e - Dazzling Spray                 Conjuration/Hexes            3
 z - a book of Callings

   Spells                             Type                      Level
   a - Summon Small Mammal            Summoning                    1
   b - Call Imp                       Summoning                    2
   c - Call Canine Familiar           Summoning                    3
   d - Summon Guardian Golem          Hexes/Summoning              3
   e - Summon Lightning Spire         Summoning/Air                4
   f - Summon Ice Beast               Ice/Summoning                4
 L - a book of Necromancy

   Spells                             Type                      Level
   a - Pain                           Necromancy                   1
   b - Animate Skeleton               Necromancy                   1
   c - Vampiric Draining              Necromancy                   3
   d - Regeneration                   Charms/Necromancy            3
   e - Animate Dead                   Necromancy                   4
   f - Control Undead                 Necromancy                   4
 R - a book of Geomancy

   Spells                             Type                      Level
   a - Sandblast                      Earth                        1
   b - Passwall                       Transmutation/Earth          2
   c - Stone Arrow                    Conjuration/Earth            3
   d - Petrify                        Transmutation/Earth          4
   e - Lee's Rapid Deconstruction     Earth                        5
Miscellaneous
 e - a plain deck of summoning {drawn: 4}
 r - a plain deck of escape {drawn: 7}
 D - an ornate deck of escape {drawn: 3}
 F - a legendary deck of destruction {drawn: 5}
 H - a legendary deck of escape
 J - a legendary deck of escape
 K - a plain deck of destruction {drawn: 10}
 N - a legendary deck of destruction
 S - an ornate deck of escape
 Y - an ornate deck of destruction
Comestibles
 f - 7 bread rations
 g - 32 fruits
 o - 3 royal jellies
 u - 9 meat rations


   Skills:
 - Level 10.1 Fighting
 - Level 16.0 Axes
 - Level 5.0 Throwing
 + Level 7.1 Armour
 - Level 5.4 Dodging
 - Level 5.2 Shields
 - Level 5.0 Spellcasting
 - Level 5.1 Summonings
 - Level 5.0 Necromancy
 - Level 5.0 Earth Magic
 - Level 5.0 Invocations
 - Level 5.0 Evocations


You had 16 spell levels left.
You knew the following spells:

 Your Spells              Type           Power        Failure   Level  Hunger
a - Summon Small Mammal   Summ           #...         13%         1    #......
b - Sandblast             Erth           #.....       14%         1    #......
c - Animate Skeleton      Necr           N/A          14%         1    #......
d - Pain                  Necr           #...         14%         1    #......
e - Call Imp              Summ           #.......     21%         2    ###....


Dungeon Overview and Level Annotations

Branches:
Dungeon (13/15)            Temple (0/1) D:5            Lair (4/6) D:9
 Shoals (0/4) Lair:4       Spider (1/4) Lair:3          Orc (0/2) D:11
 Vaults (0/5) D:13

Altars:
Ashenzari
Cheibriados
Fedhas
Gozag
Hepliaklqana
Kikubaaqudgha
Nemelex Xobeh
Okawaru
Qazlal
Sif Muna
Xom
Yredelemnul
Zin
The Shining One
Beogh

Shops:
D:4 (   D:5 :   D:8 ?   D:11 [   D:13 *:**}


Innate Abilities, Weirdness & Mutations

You reflexively headbutt those who attack you in melee.
You have a pair of horns on your head.
You are partially covered in iridescent scales. (AC +2)
You can translocate small distances at will.
You are resistant to hostile enchantments. (MR+)
You are weak. (Str -2)
Your spells are a little easier to cast, but a little less powerful.


Message History

The centaur warrior looks as sick as possible!
The centaur warrior is lightly wounded.
You slash the very large slime creature!
The centaur warrior barely misses you.
You block the very large slime creature's attack.
The centaur warrior hits you but does no damage.
You slice the centaur warrior!! You headbutt the centaur warrior.
The centaur warrior is severely wounded.
You slash the very large slime creature!
You block the very large slime creature's attack.
The centaur warrior hits you!
You slash the centaur warrior!
The centaur warrior looks as sick as possible!
The centaur warrior is almost dead.
You slash the very large slime creature!
The very large slime creature looks as sick as possible!
You block the centaur warrior's attack.
The very large slime creature hits you!!!
You die...
Your body disappears without a glow.

##### ####### ......
#.....# #.....:
#.....# #####.......
#.....###c((≈.≈.....
#.....#.@J#≈≈.J≈....
#.....'.###≈≈∩≈≈....
#..∩.[### #≈≈≈≈≈....
####'## ##≈≈≈.....
#.# ########( #.#
#.# #.# #.#


You could see a very large slime creature and a centaur warrior.

Vanquished Creatures
  Rupert (Lair:3)
  3 vault guards (D:13)
  A death knight (D:12)
  A tengu warrior (D:13)
  An unseen horror (D:12)
  A phantasmal warrior (D:12)
  Pikel (D:7)
  3 necromancers (D:13)
  An oklob plant (Lair:2)
  2 slime creatures (D:13)
  3 ugly things
  2 manticores (D:13)
  An elephant (Lair:2)
  2 black mambas (Lair:4)
  2 gargoyles (D:13)
  5 spiny frogs
  2 rime drakes (Lair:4)
  A freezing wraith (D:12)
  4 trolls
  A polar bear (Lair:4)
  A hornet (D:12)
  Grinder (D:6)
  5 hippogriffs
  A meliai zombie (D:13)
  4 blink frogs (Lair:3)
  3 wyverns
  12 yaks
  Sigmund (D:6)
  A fire bat (Lair:3)
  A tarantella (Lair:3)
  2 wraiths
  A spriggan (Lair:4)
  18 humans (D:13)
  A basilisk (Lair:1)
  Grum (Lair:1)
  A hungry ghost (D:10)
  9 water moccasins
  6 swamp worms (Lair:3)
  An acid dragon (D:12)
  A soldier ant (D:11)
  7 porcupines
  2 slaves (D:7)
  5 ogres
  5 sky beasts
  19 orc warriors
  2 ice beasts
  2 phantoms
  8 wolves
  9 centaurs
  7 crocodiles
  6 big kobolds
  A wyvern zombie (D:7)
  9 bullfrogs
  Blork the orc (D:6)
  A water moccasin skeleton (D:9)
  3 scorpions
  A killer bee (D:11)
  2 wights (D:11)
  An electric eel (Lair:2)
  8 howler monkeys
  2 centaur zombies
  7 crimson imps
  A jelly (D:11)
  4 hounds
  8 orc priests
  13 orc wizards
  Crazy Yiuf (D:7)
  A bullfrog skeleton (D:11)
  3 gnoll shamans (D:8)
  6 iguanas
  Natasha (twice) (D:2)
  6 worker ants
  10 gnolls
  A worker ant zombie (D:8)
  16 adders
  A howler monkey skeleton (D:6)
  6 shadow imps
  2 oozes
  An adder zombie (D:5)
  11 worms
  A dart slug (D:2)
  9 leopard geckos
  50 orcs
  5 giant cockroaches
  8 goblins
  10 hobgoblins
  19 jackals
  3 quokkas
  2 ball pythons
  4 bats
  6 frilled lizards
  15 kobolds
  A quokka skeleton (D:9)
  8 rats
  A fungus (Lair:3)
  2 plants
454 creatures vanquished.

Vanquished Creatures (collateral kills)
  2 hydras
  An unseen horror (D:13)
  5 elephants (Lair:2)
  A black mamba (Lair:4)
  A komodo dragon (Lair:4)
  A troll (D:9)
  Prince Ribbit (Lair:3)
  A blink frog (Lair:3)
  A hippogriff (D:10)
  A shadow (D:11)
  2 yaks
  A water moccasin (Lair:3)
  3 swamp worms (Lair:3)
  A porcupine (Lair:2)
  An orc warrior (Bailey)
  A wolf (Lair:1)
  A centaur (D:13)
  3 bullfrogs
  2 killer bees (D:11)
  3 wights (D:11)
  A crimson imp (D:6)
  A centaur zombie (D:10)
  2 hounds
  An orc wizard (D:11)
  A gnoll shaman (D:8)
  3 iguanas
  3 gnolls (D:8)
  2 adders
  A worm (Lair:3)
  A leopard gecko (D:3)
  4 orcs
  A rat (D:3)
54 creatures vanquished.

Vanquished Creatures (others)
  A hydra (Lair:4)
  A cyclops (D:13)
  A black bear (Lair:4)
  2 wolves (Lair:4)
  A centaur (D:13)
  A bullfrog (D:10)
  A ball lightning (Lair:3)
  10 fungi
  7 plants
25 creatures vanquished.

Grand Total: 533 creatures vanquished

Notes
Turn   | Place    | Note
-------+----------+-------------------------------------------
     0 | D:1      | Gildeon the Minotaur Fighter began the quest for the Orb.
     0 | D:1      | Reached XP level 1. HP: 19/19 MP: 0/0
   144 | D:1      | Reached skill level 3 in Axes
   269 | D:1      | Reached XP level 2. HP: 22/26 MP: 1/1
   447 | D:1      | Reached skill level 4 in Axes
   580 | D:2      | Reached XP level 3. HP: 29/31 MP: 2/2
   716 | D:2      | Reached skill level 5 in Axes
   938 | D:2      | Found a sparkling altar of Nemelex Xobeh.
   951 | D:2      | Became a worshipper of Nemelex Xobeh the Trickster
   970 | D:2      | Reached XP level 4. HP: 30/39 MP: 3/3
  1115 | D:2      | Received a gift from Nemelex Xobeh
  1125 | D:2      | Noticed Natasha
  1133 | D:2      | Killed Natasha
  1232 | D:2      | Reached skill level 6 in Axes
  1283 | D:2      | Noticed Natasha
  1283 | D:2      | Noticed Natasha
  1283 | D:2      | Natasha changed into Natasha the howler monkey
  1291 | D:2      | Killed Natasha the howler monkey
  1291 | D:2      | Reached XP level 5. HP: 42/45 MP: 4/4
  1321 | D:2      | Noticed Natasha
  1323 | D:2      | Killed Natasha
  1340 | D:3      | Found a basalt altar of Yredelemnul.
  1397 | D:3      | Reached skill level 7 in Axes
  1699 | D:3      | Found an opulent altar of Gozag.
  1700 | D:3      | Found a glowing silver altar of Zin.
  1742 | D:3      | Found an iron altar of Okawaru.
  1792 | D:3      | Found an ancient bone altar of Kikubaaqudgha.
  1824 | D:3      | Reached * piety under Nemelex Xobeh
  1889 | D:3      | Found a blossoming altar of Fedhas.
  2057 | D:4      | Reached XP level 6. HP: 43/51 MP: 5/5
  2123 | D:4      | Reached skill level 8 in Axes
  2358 | D:4      | Reached skill level 9 in Axes
  2358 | D:4      | Reached XP level 7. HP: 57/57 MP: 6/6
  2776 | D:4      | Found Jilack's Antique Weapon Shop.
  2958 | D:5      | Entered Level 5 of the Dungeon
  2994 | D:5      | Reached skill level 10 in Axes
  3317 | D:5      | Reached ** piety under Nemelex Xobeh
  3402 | D:5      | Found a staircase to the Ecumenical Temple.
  3548 | D:5      | Gained mutation: Your spells are a little easier to cast, but a little less powerful. [mutagenic meat]
  3549 | D:5      | Gained mutation: You are weak. (Str -2) [mutagenic meat]
  3550 | D:5      | Gained mutation: You are partially covered in iridescent scales. (AC +2) [mutagenic meat]
  3551 | D:5      | Gained mutation: You can translocate small distances at will. [mutagenic meat]
  3553 | D:5      | Gained mutation: You are resistant to hostile enchantments. (MR+) [mutagenic meat]
  3723 | D:5      | Reached skill level 11 in Axes
  3737 | D:5      | Reached XP level 8. HP: 40/64 MP: 7/7
  3881 | D:5      | Found Ysouh's Book Shop.
  3899 | D:6      | Received a gift from Nemelex Xobeh
  4122 | D:6      | Noticed Blork the orc
  4126 | D:6      | Killed Blork the orc
  4126 | D:6      | Reached skill level 12 in Axes
  4297 | D:6      | Noticed Grinder
  4316 | D:6      | Paralysed by Grinder for 7 turns
  4327 | D:6      | Killed Grinder
  4526 | D:6      | Reached skill level 13 in Axes
  4587 | D:6      | Received a gift from Nemelex Xobeh
  4638 | D:6      | Noticed Sigmund
  4649 | D:6      | Killed Sigmund
  4665 | D:6      | Identified a scroll of acquirement
  4668 | D:6      | Got a twisted war axe
  4946 | D:7      | Received a gift from Nemelex Xobeh
  5034 | D:7      | Reached *** piety under Nemelex Xobeh
  5087 | D:7      | Reached XP level 9. HP: 70/70 MP: 8/8
  5403 | D:7      | Reached skill level 14 in Axes
  5412 | D:7      | Noticed Pikel
  5432 | D:7      | Killed Pikel
  5434 | D:7      | Found a glowing silver altar of Zin.
  5488 | D:7      | Identified the +9 war axe of Waluthah {venom, rN+ SInv Stlth+} (You acquired it on level 6 of the Dungeon)
  5502 | D:7      | Found a shimmering altar of Xom.
  5546 | D:7      | Found a runed door.
  5550 | D:7      | Noticed Crazy Yiuf
  5553 | D:7      | Killed Crazy Yiuf
  5853 | D:8      | Received a gift from Nemelex Xobeh
  5868 | D:8      | Found Muzid's Magic Scroll Shoppe.
  5878 | D:8      | Bought a scroll of identify for 20 gold pieces
  5878 | D:8      | Bought a scroll of identify for 20 gold pieces
  5878 | D:8      | Bought a scroll of identify for 20 gold pieces
  5878 | D:8      | Bought a scroll of identify for 20 gold pieces
  5913 | D:8      | Found a deep blue altar of Sif Muna.
  5913 | D:8      | Found a shattered altar of Ashenzari.
  5918 | D:8      | Found a hazy altar of Hepliaklqana.
  5920 | D:8      | Found a snail-covered altar of Cheibriados.
  5927 | D:8      | Reached skill level 15 in Axes
  5930 | D:8      | Found a faded altar of an unknown god.
  6078 | D:8      | Received a gift from Nemelex Xobeh
  6643 | D:8      | Reached skill level 16 in Axes
  6657 | D:8      | Reached XP level 10. HP: 52/80 MP: 9/9
  7144 | D:9      | Reached skill level 5 in Fighting
  7647 | D:9      | Found a flagged portal.
  7667 | Bailey   | Entered a bailey
  7697 | Bailey   | Reached **** piety under Nemelex Xobeh
  7706 | Bailey   | Reached skill level 5 in Armour
  7795 | Bailey   | Received a gift from Nemelex Xobeh
  8145 | Bailey   | Reached skill level 5 in Shields
  8156 | Bailey   | Reached skill level 1 in Dodging
  8439 | Bailey   | Noticed an orc knight
  8771 | D:9      | Received a gift from Nemelex Xobeh
  8816 | D:9      | Found a staircase to the Lair.
  8999 | D:9      | Found a glowing golden altar of the Shining One.
  9236 | Lair:1   | Entered Level 1 of the Lair of Beasts
  9295 | Lair:1   | Noticed a spiny frog
  9307 | Lair:1   | Killed a spiny frog
  9307 | Lair:1   | Reached skill level 5 in Dodging
  9353 | Lair:1   | Reached skill level 1 in Throwing
  9404 | Lair:1   | Noticed a spiny frog
  9414 | Lair:1   | Killed a spiny frog
  9710 | Lair:1   | Received a gift from Nemelex Xobeh
  9755 | Lair:1   | Reached skill level 5 in Throwing
  9865 | Lair:1   | Reached skill level 1 in Invocations
  9922 | Lair:1   | Received a gift from Nemelex Xobeh
 10015 | Lair:1   | Noticed Grum
 10029 | Lair:1   | Killed Grum
 10029 | Lair:1   | Reached XP level 11. HP: 61/86 MP: 9/11
 10359 | Lair:2   | Reached ***** piety under Nemelex Xobeh
 10456 | Lair:2   | Noticed a five-headed hydra
 10460 | Lair:2   | Killed a five-headed hydra
 10464 | Lair:2   | Received a gift from Nemelex Xobeh
 10661 | Lair:2   | Reached skill level 5 in Invocations
 10757 | Lair:2   | Reached skill level 1 in Evocations
 10836 | Lair:2   | Noticed an oklob plant
 11735 | Lair:2   | Killed an oklob plant
 11861 | Lair:3   | Received a gift from Nemelex Xobeh
 11909 | Lair:3   | Noticed a four-headed hydra
 11916 | Lair:3   | Reached skill level 5 in Evocations
 11954 | Lair:3   | Noticed Rupert
 11962 | Lair:3   | Reached skill level 1 in Spellcasting
 11972 | Lair:3   | Killed Rupert
 12315 | Lair:3   | Learned a level 1 spell: Summon Small Mammal
 12360 | Lair:3   | Found a hole to the Spider Nest.
 12369 | Spider:1 | Entered Level 1 of the Spider Nest
 12437 | Lair:3   | Noticed Prince Ribbit
 12452 | Lair:3   | Reached XP level 12. HP: 94/94 MP: 17/17
 12459 | Lair:3   | Killed Prince Ribbit
 13034 | D:10     | Entered Level 10 of the Dungeon
 13057 | D:10     | Reached skill level 5 in Spellcasting
 13083 | D:10     | Upgraded the game from 0.21-a0-444-g29a2fec to 0.21-a0-450-gd87a9b2
 13089 | D:10     | Reached skill level 1 in Summonings
 13244 | D:10     | Received a gift from Nemelex Xobeh
 13783 | D:11     | Received a gift from Nemelex Xobeh
 13915 | D:11     | Found Qisoer's Armour Shoppe.
 13976 | D:11     | Found a staircase to the Orcish Mines.
 13993 | D:11     | Found a roughly hewn altar of Beogh.
 14037 | D:11     | Learned a level 1 spell: Sandblast
 14576 | Lair:3   | Killed a nine-headed hydra
 14576 | Lair:3   | Reached skill level 5 in Summonings
 14828 | Lair:3   | Received a gift from Nemelex Xobeh
 14879 | Lair:3   | Learned a level 1 spell: Animate Skeleton
 14881 | Lair:3   | Learned a level 1 spell: Pain
 15358 | Lair:4   | Reached skill level 1 in Necromancy
 15451 | Lair:4   | Noticed a four-headed hydra
 15460 | Lair:4   | HP: 3/94 [seven-headed hydra (6)]
 15463 | Lair:4   | Killed a seven-headed hydra
 15898 | Lair:4   | Received a gift from Nemelex Xobeh
 15961 | Lair:4   | Reached ****** piety under Nemelex Xobeh
 16095 | Lair:4   | Found a staircase to the Shoals.
 16508 | Lair:4   | Reached skill level 5 in Necromancy
 17140 | D:12     | Reached skill level 1 in Earth Magic
 17417 | D:12     | Reached XP level 13. HP: 76/100 MP: 19/19
 17562 | D:12     | Received a gift from Nemelex Xobeh
 17929 | D:12     | Upgraded the game from 0.21-a0-450-gd87a9b2 to 0.21-a0-460-g737a915
 18141 | D:12     | Learned a level 2 spell: Call Imp
 18489 | D:13     | Reached skill level 5 in Earth Magic
 18546 | D:13     | Found Waisank's Gadget Boutique.
 18574 | D:13     | Found Buymanwu's General Store.
 19063 | D:13     | Received a gift from Nemelex Xobeh
 19073 | D:13     | Found Sungicur's General Store.
 19081 | D:13     | Bought a potion of curing for 33 gold pieces
 19081 | D:13     | Bought a potion of ambrosia for 88 gold pieces
 19123 | D:13     | Found a stormy altar of Qazlal.
 19264 | D:13     | Reached skill level 10 in Fighting
 19804 | D:13     | Found a gate to the Vaults.
 19810 | D:13     | Got a pair of pitted boots
 19844 | D:13     | Found Lush's Assorted Antiques.
 19852 | D:13     | Bought 2 potions of curing for 216 gold pieces
 19857 | D:13     | Found Xoleol's Book Shop.
 19862 | D:13     | Upgraded the game from 0.21-a0-460-g737a915 to 0.21-a0-471-gd587bd5
 19872 | D:13     | Identified the +1 pair of boots "Kulaug" {rPois rF- MR+ Dex+3} (You found it on level 13 of the Dungeon)
 19899 | D:13     | Mangled by a very large slime creature

Vault maps used:
D:1:      roderic_dead_forest
D:2:      old_standard_altar, first_bread, uniq_natasha
D:3:      grunt_temple_overflow_gold_and_silver, nicolae_overflow_crystal_walls,
          overflow_temple_1_default, yredelemnul_altar_generic,
          fedhas_altar_fruit_tree, minmay_misc_feat_alley
D:4:      chequers_ossuary_entry_cave, serial_shops, kennysheep_mini_moat
D:5:      minmay_temple_entry_poolview, serial_shops, kennysheep_mini
D:6:      uniq_sigmund, uniq_blork_the_orc, uniq_grinder
D:7:      brannock_xom_greatest_gift, basic_altar, uniq_crazy_yiuf_cottage,
          uniq_pikel
D:8:      kennysheep_seaside_town, chequers_temple_overflow_minitemple,
          serial_shops, shop
D:9:      nicolae_tso_swordbearing_angel, lair_entry_dummy, enter_bailey_7
D:10:     blue_anna_alchemist
D:11:     minmay_orc_entry_temple_small, serial_glass, glass_columns_a,
          glass_columns_a, serial_shops, shop, lightli_orcish_oven
D:13:     grunt_vaults_entry_tiered, basic_altar, serial_shops, shop,
          nicolae_shop_waterfront, shop, shop, nicolae_shop_trees
Lair:1:   grunt_megastairs_4, uniq_grum
Lair:2:   bh_autumn_forest_stairs, beast_lair_carwin_2
Lair:3:   spider_nest_entry_rubble, nicolae_volcano_entry_vermiform,
          worms_lemuel, uniq_prince_ribbit2, uniq_rupert
Lair:4:   shoals_dummy_entry, grunt_forest_stairs_clearing
Spider:1: uniq_azrael
Bailey:   bailey_polearm_2, bailey

Skill      XL: |  1  2  3  4  5  6  7  8  9 10 11 12 13 |
---------------+----------------------------------------+-----
Axes           | 3 4 5 6 7 9 11 13 16 | 16.0
Fighting       | 4 5 10 | 10.1
Armour         | 5 7 |  7.1
Shields        | 5 |  5.2
Dodging        | 5 |  5.4
Throwing       | 5 |  5.0
Invocations    | 2 5 |  5.0
Evocations     | 5 |  5.0
Spellcasting   | 4 5 |  5.0
Summonings     | 5 |  5.1
Necromancy     | 5 |  5.0
Earth Magic    | 3 5 |  5.0

Action                   |  1- 3 |  4- 6 |  7- 9 | 10-12 | 13-15 || total
-------------------------+-------+-------+-------+-------+-------++-------
Melee: War axe           |   102 |    82 |   273 |   508 |   192 ||  1157
       Headbutt          |    15 |    14 |    49 |    81 |    42 ||   201
Throw: Tomahawk          |       |       |     6 |    17 |     3 ||    26
Evoke: Deck              |       |    10 |    23 |    54 |    11 ||    98
       Wand              |       |     7 |    17 |    42 |    35 ||   101
  Use: Scroll            |     3 |     7 |    14 |    13 |     4 ||    41
       Potion            |     1 |       |     4 |     7 |     8 ||    20
 Stab: Confused          |       |       |       |     4 |       ||     4
       Distracted        |       |       |       |     2 |     1 ||     3
  Eat: Chunk             |       |     5 |    19 |    10 |     2 ||    36
       Fruit             |       |       |     1 |     1 |       ||     2
       Bread ration      |       |       |       |     4 |     2 ||     6
       Meat ration       |       |       |       |     1 |       ||     1
Armor: Scale mail        |    44 |    32 |    71 |       |       ||   147
       Chain mail        |       |       |    23 |       |       ||    23
       Plate armour      |       |       |     4 |   151 |       ||   155
       Ring mail         |       |       |       |    37 |     2 ||    39
       Acid dragon scale |       |       |       |       |    39 ||    39
Dodge: Dodged            |    36 |    21 |    65 |   139 |    55 ||   316
Block: Shield            |    60 |    36 |   101 |   270 |   100 ||   567
       Reflection        |       |       |       |     1 |    17 ||    18

Table legend:
 A = Spawn XP
 B = Non-spawn XP
 C = Spawn XP percentage of total XP
 D = Spawn monster count
 E = Non-spawn monster count
 F = Spawn count percentage of total count
 G = Total turns spent on level
                    A         B        C        D         E        F      G
               +---------+---------+-------+---------+---------+-------+---------
         Total |       0 |   57745 |   0.0 |       0 |     510 |   0.0 | 19899
               +---------+---------+-------+---------+---------+-------+---------
           D:1 |       0 |      29 |   0.0 |       0 |      18 |   0.0 |   544
           D:2 |       0 |     222 |   0.0 |       0 |      32 |   0.0 |   796
           D:3 |       0 |     120 |   0.0 |       0 |      15 |   0.0 |   686
           D:4 |       0 |     552 |   0.0 |       0 |      29 |   0.0 |   936
           D:5 |       0 |     530 |   0.0 |       0 |      22 |   0.0 |   979
           D:6 |       0 |    1206 |   0.0 |       0 |      21 |   0.0 |  1044
           D:7 |       0 |    1308 |   0.0 |       0 |      12 |   0.0 |   962
           D:8 |       0 |    1629 |   0.0 |       0 |      38 |   0.0 |  1287
           D:9 |       0 |    1162 |   0.0 |       0 |      35 |   0.0 |  1493
          D:10 |       0 |    1794 |   0.0 |       0 |      26 |   0.0 |   727
          D:11 |       0 |    3231 |   0.0 |       0 |      46 |   0.0 |   591
          D:12 |       0 |    6598 |   0.0 |       0 |      33 |   0.0 |  1270
          D:13 |       0 |   15868 |   0.0 |       0 |      62 |   0.0 |  1498
        Lair:1 |       0 |    2871 |   0.0 |       0 |      17 |   0.0 |  1220
        Lair:2 |       0 |    5283 |   0.0 |       0 |      23 |   0.0 |  1902
        Lair:3 |       0 |    7849 |   0.0 |       0 |      39 |   0.0 |  1737
        Lair:4 |       0 |    6062 |   0.0 |       0 |      23 |   0.0 |  1449
        Bailey |       0 |    1431 |   0.0 |       0 |      19 |   0.0 |   776
               +---------+---------+-------+---------+---------+-------+---------
